 Dungeon Crawl Stone Soup version 0.18.1-50-g88ac8fd (webtiles) character file.

8619 magog001 the Blocker (level 11, -1/99 HPs)
             Began as a Minotaur Fighter on Sept 11, 2017.
             Slain by a seven-headed hydra (8 damage)
             ... on level 1 of the Lair of Beasts.
             The game lasted 00:52:26 (10926 turns).

magog001 the Blocker (Minotaur Fighter)            Turns: 10926, Time: 00:52:27

Health: -1/99      AC: 14    Str: 23    XL:     11   Next: 12%
Magic:  19/19      EV:  0    Int:  5    God:
Gold:   403        SH: 10    Dex: 11    Spells: 0 memorised, 10 levels left

rFire  . . .     SeeInvis +     y - +8 short sword of Exquisite Death {elec, rElec rPois rC- SInv}
rCold  x . .     Gourm    .     m - +0 plate armour
rNeg   . . .     Faith    .     c - +0 shield
rPois  +         Spirit   .     (helmet restricted)
rElec  +         Dismiss  .     u - +1 cloak
rCorr  .         Reflect  .     (no gloves)
SustAt .         Harm     .     (no boots)
MR     .....                    (no amulet)
Stlth  ..........               D - ring of poison resistance
                                p - ring of magical power

@: very heavily drained, not resistant to hostile enchantments, extremely
unstealthy
A: retaliatory headbutt, horns 2
a: no special abilities


You were on level 1 of the Lair of Beasts.
You were not hungry.

You visited 2 branches of the dungeon, and saw 12 of its levels.
You also visited: Sewer.

You collected 455 gold pieces.
You spent 52 gold pieces at shops.

Inventory:

Hand Weapons
 t - a +4 hunting sling of velocity
 y - the +8 short sword of Exquisite Death (weapon) {elec, rElec rPois rC- SInv}
   (You found it on level 4 of the Dungeon)

   Occasionally, upon striking a foe, it will discharge some electrical energy
   and cause terrible harm.
   It makes you vulnerable to cold.
   It insulates you from electricity.
   It protects you from poison.
   It lets you see invisible.
 C - a +0 blowgun
Missiles
 g - 380 stones
 v - 75 poisoned needles
 F - 10 tomahawks (quivered)
 G - 18 sling bullets
Armour
 c - a +0 shield (worn)
 m - a +0 plate armour (worn)
 u - a +1 cloak (worn)
Jewellery
 p - a ring of magical power (left hand)
 D - a ring of poison resistance (right hand)
Wands
 a - a wand of flame (28/48)
 o - a wand of digging (4/24)
 r - a wand of random effects (23/48)
 w - a wand of random effects (18/48)
 B - a wand of paralysis (15/24)
 E - a wand of paralysis (9/24)
 I - a wand of disintegration (11/24)
 J - a wand of confusion (15/48)
 K - a wand of random effects (35/48)
 L - a wand of flame (27/48)
Scrolls
 i - a scroll of enchant armour
 q - a scroll of fear
 z - a scroll of fog
 H - a scroll of amnesia
Potions
 b - a potion of invisibility {unknown}
 e - a potion of beneficial mutation {unknown}
 j - a potion of haste {unknown}
 k - 4 potions of agility
 l - 3 potions of brilliance
 A - a potion of flight {unknown}
Comestibles
 f - 5 bread rations
 x - 5 meat rations


   Skills:
 * Level 9.7(4.0) Fighting
 * Level 8.2(2.7) Short Blades
   Level 4.0(0.0) Axes
   Level 0.8(0.0) Polearms
 * Level 11.1(5.2) Armour
 - Level 0.4(0.0) Dodging
 + Level 0.5(0.0) Stealth
 * Level 12.1(6.1) Shields
 + Level 0.1(0.0) Evocations


You had 10 spell levels left.
You didn't know any spells.

Dungeon Overview and Level Annotations

Branches:
Dungeon (10/15)            Temple (0/1) D:5            Lair (2/8) D:9
    Orc (0/2) D:9

Altars:
Cheibriados
Dithmenos
Fedhas
Gozag
Kikubaaqudgha
Nemelex Xobeh
Okawaru
Pakellas
Qazlal
Ru
Trog
Vehumet
Xom
Yredelemnul
Zin
Beogh

Shops:
D:7 (


Innate Abilities, Weirdness & Mutations

You reflexively headbutt those who attack you in melee.
You have a pair of horns on your head.


Message History

You block the seven-headed hydra's attack.
The seven-headed hydra bites you. x3
You block the seven-headed hydra's attack.
The seven-headed hydra bites you!
* * * LOW HITPOINT WARNING * * *
The seven-headed hydra bites you.
* * * LOW HITPOINT WARNING * * *
Unknown command.
There is a staircase back to the Dungeon, spattered with blood here.
The seven-headed hydra bites you.
* * * LOW HITPOINT WARNING * * *
The seven-headed hydra bites you.
* * * LOW HITPOINT WARNING * * *
You block the seven-headed hydra's attack.
The seven-headed hydra bites you.
* * * LOW HITPOINT WARNING * * *
The seven-headed hydra bites you!
* * * LOW HITPOINT WARNING * * *
The seven-headed hydra bites you!
You die...

........# #..................
........## #..................
.........######..................
#............##..................
##............#..................
##.....#.........................
.......#..........[..............
.................................
###...#........D@................
# #....#.........................
# #...##.........................
###...##........................#
................................#
.............................>..#
.............)..................#
.................................
####...#.........................


You could see a seven-headed hydra.

Vanquished Creatures
  Erolcha (D:8)
  Nergalle (Lair:1)
  A komodo dragon (Lair:1)
  2 two-headed ogres (D:8)
  Sigmund (D:6)
  Grum (Lair:1)
  A wyvern (D:6)
  6 yaks (Lair:1)
  2 hippogriffs (Lair:1)
  2 wargs (D:9)
  3 water moccasins
  2 porcupines (Lair:1)
  4 orc warriors (D:9)
  Purgy (Sewer)
  An ice beast (D:9)
  A necrophage (D:8)
  3 ogres
  3 centaurs
  4 phantoms
  2 wolves (Lair:1)
  2 crocodiles (Lair:1)
  2 big kobolds
  7 giant frogs
  2 scorpions (D:7)
  An oklob sapling (D:5)
  7 wights
  3 crimson imps
  A giant frog zombie (D:5)
  2 jellies
  2 quasits
  7 orc priests
  4 hounds
  2 centaur skeletons
  8 orc wizards
  2 iguanas (Lair:1)
  Terence (D:3)
  3 worker ants
  A killer bee zombie (D:10)
  A hound zombie (D:6)
  16 adders
  7 gnolls
  A howler monkey skeleton (D:7)
  10 river rats (Lair:1)
  2 shadow imps
  2 oozes
  An adder skeleton (D:9)
  7 worms
  3 dart slugs
  10 giant geckos
  48 orcs
  2 bat zombies (D:8)
  8 giant cockroaches
  6 hobgoblins
  17 jackals
  21 kobolds
  4 quokkas
  6 bats
  7 giant newts
  4 goblins
  A jackal skeleton (D:7)
  A jackal zombie (D:8)
  4 rats
  3 rat zombies (D:8)
  A plant (D:5)
292 creatures vanquished.

Vanquished Creatures (others)
  A plant (D:5)
1 creature vanquished.

Grand Total: 293 creatures vanquished

Notes
Turn   | Place    | Note
--------------------------------------------------------------
     0 | D:1      | magog001 the Minotaur Fighter began the quest for the Orb.
     0 | D:1      | Reached XP level 1. HP: 19/19 MP: 0/0
    89 | D:1      | Reached XP level 2. HP: 27/27 MP: 1/1
   252 | D:1      | Reached skill level 4 in Shields
   475 | D:2      | Reached XP level 3. HP: 18/33 MP: 2/2
   851 | D:2      | Reached XP level 4. HP: 30/41 MP: 3/3
  1076 | D:2      | Found a shimmering altar of Xom.
  1079 | D:2      | Found a shimmering altar of Xom.
  1081 | D:2      | Found a shimmering altar of Xom.
  1087 | D:2      | Found a shimmering altar of Xom.
  1088 | D:2      | Found a shimmering altar of Xom.
  1088 | D:2      | Found a shimmering altar of Xom.
  1226 | D:3      | Found a glowing drain.
  1257 | Sewer    | Entered a sewer
  1280 | Sewer    | Noticed Purgy
  1304 | Sewer    | Killed Purgy
  1304 | Sewer    | Reached XP level 5. HP: 29/47 MP: 4/4
  1546 | Sewer    | Reached skill level 5 in Armour
  2837 | D:3      | Found a glowing silver altar of Zin.
  2837 | D:3      | Found an opulent altar of Gozag.
  2969 | D:3      | Noticed Terence
  2980 | D:3      | Killed Terence
  2980 | D:3      | Reached skill level 5 in Shields
  3364 | D:3      | Found a bloodstained altar of Trog.
  3573 | D:3      | Found a radiant altar of Vehumet.
  3576 | D:3      | Found an oddly glowing altar of Pakellas.
  3581 | D:3      | Found a sparkling altar of Nemelex Xobeh.
  3582 | D:3      | Found a sacrificial altar of Ru.
  3582 | D:3      | Found a basalt altar of Yredelemnul.
  3583 | D:3      | Found an iron altar of Okawaru.
  3585 | D:3      | Found a shadowy altar of Dithmenos.
  3783 | D:3      | Reached skill level 5 in Fighting
  3875 | D:3      | Reached XP level 6. HP: 49/56 MP: 5/5
  3948 | D:4      | Found a snail-covered altar of Cheibriados.
  4093 | D:4      | Got a smoking short sword
  4150 | D:4      | Identified the +8 short sword of Exquisite Death {elec, rElec rPois rC- SInv} (You found it on level 4 of the Dungeon)
  4395 | D:4      | Reached XP level 7. HP: 46/62 MP: 6/6
  4615 | D:5      | Entered Level 5 of the Dungeon
  4626 | D:5      | Reached skill level 1 in Short Blades
  4626 | D:5      | Reached skill level 6 in Shields
  5194 | D:5      | Found a staircase to the Ecumenical Temple.
  5215 | D:5      | Reached skill level 7 in Shields
  5260 | D:5      | Reached XP level 8. HP: 69/71 MP: 7/7
  5343 | D:5      | Found a shimmering altar of Xom.
  5676 | D:6      | Noticed Sigmund
  5814 | D:6      | Killed Sigmund
  5831 | D:6      | Reached skill level 8 in Shields
  6025 | D:6      | Got a shimmering spear
  6658 | D:7      | Reached XP level 9. HP: 80/80 MP: 8/8
  6767 | D:7      | Found Lentestri's Weapon Emporium.
  6772 | D:7      | Bought 8 tomahawks for 52 gold pieces
  6900 | D:7      | Found a blossoming altar of Fedhas.
  7278 | D:8      | Reached skill level 9 in Shields
  7502 | D:8      | Reached skill level 5 in Short Blades
  7510 | D:8      | Identified the cursed +1 spear "Yjoffuc" {antimagic, +Fly rElec Str+4 Int+2} (You found it on level 6 of the Dungeon)
  7767 | D:8      | Noticed Erolcha
  7767 | D:8      | Paralysed by Erolcha for 5 turns
  7777 | D:8      | Paralysed by Erolcha for 5 turns
  7796 | D:8      | Killed Erolcha
  7796 | D:8      | Reached skill level 10 in Shields
  7984 | D:8      | Found an ancient bone altar of Kikubaaqudgha.
  8254 | D:8      | Reached XP level 10. HP: 87/90 MP: 9/9
  8439 | D:9      | Found a roughly hewn altar of Beogh.
  8439 | D:9      | Found a staircase to the Orcish Mines.
  8681 | D:9      | Found a stormy altar of Qazlal.
  8803 | D:9      | Found a staircase to the Lair.
  8822 | D:9      | Reached skill level 10 in Armour
  8995 | D:9      | You fall through a shaft!
  8995 | D:10     | Entered Level 10 of the Dungeon
  9001 | D:10     | Reached skill level 11 in Shields
  9300 | Lair:1   | Entered Level 1 of the Lair of Beasts
 10209 | Lair:1   | Noticed Grum
 10217 | Lair:1   | Killed Grum
 10366 | Lair:1   | Reached XP level 11. HP: 75/97 MP: 10/10
 10414 | Lair:1   | Noticed Nergalle
 10657 | Lair:1   | Killed Nergalle
 10657 | Lair:1   | Reached skill level 12 in Shields
 10890 | Lair:2   | Noticed a seven-headed hydra
 10926 | Lair:1   | Slain by a seven-headed hydra

Skill      XL: |  1  2  3  4  5  6  7  8  9 10 11 |
---------------+----------------------------------+-----
Fighting       | 4 5 6 7 8 9 |  9.7
Shields        | 4 5 7 8 10 11 12 | 12.1
Armour         | 4 5 6 8 9 11 | 11.1
Axes           | 3 4 |  4.0
Short Blades   | 1 4 6 8 |  8.2
Polearms       | |  0.8
Dodging        | |  0.4
Stealth        | |  0.5
Evocations     | |  0.1

Action                   |  1- 3 |  4- 6 |  7- 9 | 10-12 || total
-------------------------+-------+-------+-------+-------++-------
Melee: War axe           |    96 |   127 |       |       ||   223
       Headbutt          |    10 |    29 |    50 |    44 ||   133
       Trident           |       |    38 |       |       ||    38
       Short sword       |       |    23 |   258 |   278 ||   559
Throw: Tomahawk          |       |       |       |     1 ||     1
Evoke: Wand              |       |       |     4 |     4 ||     8
  Use: Potion            |       |     3 |       |     5 ||     8
       Scroll            |       |     8 |     6 |     6 ||    20
  Eat: Chunk             |       |     5 |     7 |     7 ||    19
       Fruit             |       |     3 |     1 |       ||     4
       Pizza             |       |     1 |     1 |       ||     2
       Beef jerky        |       |     1 |       |       ||     1
       Bread ration      |       |       |     1 |       ||     1
       Royal jelly       |       |       |       |     1 ||     1
Armor: Scale mail        |    21 |       |       |       ||    21
       Plate armour      |    58 |   152 |   110 |   165 ||   485
Dodge: Dodged            |    26 |    44 |    35 |    66 ||   171
Block: Shield            |    52 |   119 |   130 |   199 ||   500
